Map: Ruins of Endion

Players

Miszu

  • Race: Terran Terran
  • League: Master

Hopt - Winner!

  • Race: Terran Terran
  • League: Master

VOD

Have the link to the VOD?

Description

Time

  • Played on: April 19, 2016, 12:32 p.m.
  • Length: 3:57
Show
View Real Time Build Order
Export as new Build Order

Miszu Terran 

Build Orders: 1/1/1 

Get SALT Encoding   

  12  0:01  SCV  
  13  0:14  SCV  
  14  0:18  Supply Depot  
  14  0:26  SCV  
  15  0:28  Refinery  
  15  0:39  SCV  
  16  0:45  Barracks  
  16  0:51  SCV  
  17  1:03  SCV  
  18  1:09  Refinery  
  18  1:16  SCV  
  19  1:28  SCV  
  20  1:33  Factory, Marine  
  21  1:40  Orbital Command  
  21  1:46  Supply Depot  
  21  1:51  Marine  
  22  2:05  SCV  
  23  2:09  Marine  
  24  2:21  Starport  
  24  2:22  Factory Tech Lab  
  24  2:24  SCV  
  24  2:27  Supply Depot  
  24  2:29  Marine  
  26  2:42  SCV  
  27  2:47  Marine  
  27  2:48  Factory Reactor  
  28  2:54  SCV  
  29  3:04  Marine  
  29  3:05  Raven  
  32  3:06  SCV  
  32  3:08  Supply Depot  
  29  3:22  Marine  
  29  3:32  Hellion  
  29  3:33  Hellion, SCV  
Show
View Real Time Build Order
Export as new Build Order

Hopt Terran - Winner!

Build Orders: 1/1/1 

Get SALT Encoding   

  12  0:01  SCV  
  13  0:13  SCV  
  14  0:17  Supply Depot  
  14  0:25  SCV  
  15  0:28  Refinery  
  15  0:39  SCV  
  16  0:45  Barracks  
  16  0:51  SCV  
  16  0:54  Refinery  
  17  1:03  SCV  
  18  1:15  SCV  
  20  1:33  Reaper, Orbital Command  
  20  1:39  Factory  
  20  1:53  Supply Depot  
  20  1:59  SCV  
  21  2:05  Reaper  
  22  2:11  SCV  
  23  2:23  Hellion, SCV  
  23  2:24  Starport  
  23  2:28  Supply Depot  
  26  2:35  SCV  
  27  2:37  Barracks Tech Lab  
  27  2:44  Hellion  
  27  2:48  SCV  
  30  2:52  Supply Depot  
  30  3:00  SCV  
  31  3:12  SCV  
  30  3:24  SCV  
  34  3:36  SCV  
  36  3:51  Command Center  
Tags
 
Add a new tag
Caveats
  • Supply blocks, unpowered buildings, or Contaminate may cause inaccurate times.
  • Supply counts are checked every 10 seconds.